 Dungeon Crawl Stone Soup version 0.28.0-53-g5a82cb258f (webtiles) character file.

Game seed: 9113307558068903250

41 Legadrian the Skirmisher (level 3, -1/30 HPs)
             Began as a Human Monk on July 5, 2022.
             Slain by a hobgoblin
             ... wielding a +0 whip
              (4 damage)
             ... on level 2 of the Dungeon.
             The game lasted 00:02:42 (945 turns).

Legadrian the Skirmisher (Human Monk)                Turns: 945, Time: 00:02:43

Health: -1/30      AC:  5    Str: 13    XL:     3   Next: 75%
Magic:  3/3        EV: 11    Int: 10    God:
Gold:   33         SH:  0    Dex: 15    Spells: 2/2 levels left

rFire   . . .      SeeInvis .   d - +2 dagger (vamp)
rCold   . . .      Faith    .   (no shield)
rNeg    . . .      Spirit   .   g - +0 ring mail
rPois   .          Reflect  .   (no helmet)
rElec   .          Harm     .   (no cloak)
rCorr   .          Rampage  .   (no gloves)
Will    .....                   (no boots)
Stlth   +.........              (no amulet)
HPRegen 0.10/turn               (no ring)
MPRegen 0.08/turn               (no ring)

@: flying
A: no striking features
a: no special abilities


You were on level 2 of the Dungeon.
You visited 1 branch of the dungeon, and saw 2 of its levels.

You collected 33 gold pieces.

Inventory:

Hand Weapons
 a - a +0 mace
 d - a +2 vampiric dagger (weapon)
Armour
 b - a +0 robe
 g - a +0 ring mail (worn)
Scrolls
 e - a scroll of identify {unknown}
 f - a scroll of vulnerability {unknown}
Potions
 c - a potion of lignification {unknown}
 h - a potion of flight


   Skills:
 + Level 3.8 Fighting
 + Level 1.4 Short Blades
 - Level 3.3 Maces & Flails
 - Level 3.0 Dodging
 - Level 2.0 Stealth


You had 2 spell levels left.
You didn't know any spells.
Your spell library was empty.

Dungeon Overview and Level Annotations

Branches:
Dungeon (2/15)

Altars:


Message History

The hobgoblin closely misses you.
Things that are here:
a +0 halberd; a gnoll corpse You hit the hobgoblin.
You feel better.
The hobgoblin is moderately wounded.
The hobgoblin hits you but does no damage.
You closely miss the hobgoblin.
The hobgoblin is moderately wounded.
The gnoll barely misses you. The hobgoblin hits you with a +0 whip.
There are monsters nearby!
You barely miss the gnoll. The gnoll hits you with a +0 whip.
You barely miss the gnoll. The gnoll barely misses you.
You hit the gnoll.
The gnoll is lightly wounded.
The gnoll hits you but does no damage.
You barely miss the gnoll.
The gnoll is lightly wounded.
The gnoll hits you with a +0 whip.
You closely miss the gnoll.
The gnoll is lightly wounded.
The gnoll hits you with a +0 whip.
You barely miss the gnoll.
The gnoll is lightly wounded.
The gnoll hits you with a +0 whip.
You hit the gnoll.
The gnoll is heavily wounded.
The gnoll hits you with a +0 whip.
* * * LOW HITPOINT WARNING * * *
You barely miss the gnoll.
The gnoll is heavily wounded.
The gnoll hits you with a +0 whip.
* * * LOW HITPOINT WARNING * * *
The gnoll hits you with a +0 whip.
* * * LOW HITPOINT WARNING * * *
It was a potion of flight.
You feel very buoyant.
You fly up into the air.
The gnoll misses you. The gnoll hits you but does no damage.
The hobgoblin hits you with a +0 whip.
You die...

######### ##############
#.......###
.............###..........
.########.......@g........
.#<..........###.g........
........#.######..........
........+..............###
#.......#.######.#######
#.......#.# #.#
#.......#.# #.#
#.......#.######.##
#.......#>.....)..+


You could see a gnoll and a hobgoblin.

Vanquished Creatures
  2 gnolls (D:2)
  2 endoplasms
  2 goblins (D:1)
  A hobgoblin (D:1)
  A quokka (D:1)
  3 ball pythons (D:1)
  5 bats
  A frilled lizard (D:1)
  3 kobolds (D:1)
20 creatures vanquished.

Vanquished Creatures (others)
  A plant (D:2)
1 creature vanquished.

Grand Total: 21 creatures vanquished

Notes
Turn   | Place    | Note
-------+----------+-------------------------------------------
     0 | D:1      | Legadrian the Human Monk began the quest for the Orb.
     0 | D:1      | Reached XP level 1. HP: 18/18 MP: 1/1
   265 | D:1      | Reached XP level 2. HP: 14/24 MP: 2/2
   386 | D:1      | Found a faded altar of an unknown god.
   887 | D:2      | Reached XP level 3. HP: 29/29 MP: 3/3
   910 | D:2      | Reached skill level 1 in Short Blades
   945 | D:2      | Slain by a hobgoblin

Illustrated notes

Levels and vault maps discovered:
D:1:      scummos_arrival_gate, layout_rooms, basic_ecumenical_altar,
          chequers_serial_rivers_large_b
D:2:      minmay_chambers_of_twos, layout_basic, serial_shops, shop_fountains,
          guppyfry_early_lair_pool, uniq_robin

Skill      XL: |  1  2  3 |
---------------+----------+-----
Short Blades   | 1 |  1.4
Fighting       | |  3.8
Maces & Flails | |  3.3
Dodging        | |  3.0
Stealth        | |  2.0

Action                   || total
-------------------------++-------
Melee: Mace              ||    23
       Dagger            ||    61
       Punch             ||     2
  Use: Potion            ||     1
 Stab: Sleeping          ||     2
Armor: Robe              ||     5
       Ring mail         ||    10
Dodge: Dodged            ||    70
